 Dungeon Crawl Stone Soup version 0.21.1-1-g345015fe64 (webtiles) character file.

95 Hercules1031 the Chopper (level 4, -2/30 HPs)
             Began as a Demonspawn Gladiator on June 19, 2018.
             Killed from afar by an orc wizard (8 damage)
             ... with a puff of flame
             ... on level 3 of the Dungeon.
             The game lasted 00:06:58 (1863 turns).

Hercules1031 the Chopper (Demonspawn Gladiator)     Turns: 1863, Time: 00:06:58

Health: -2/30      AC:  4    Str: 15    XL:     4   Next: 39%
Magic:  4/4        EV: 13    Int:  9    God:
Gold:   74         SH:  0    Dex: 15    Spells: 3/3 levels left

rFire    . . .     SeeInvis .   a - +0 war axe
rCold    . . .     Gourm    .   (no shield)
rNeg     . . .     Faith    .   b - +0 leather armour
rPois    .         Spirit   .   c - +0 helmet
rElec    .         Reflect  .   (no cloak)
rCorr    .         Harm     .   (no gloves)
MR       .....                  (no boots)
Stlth    +.........             (no amulet)
HPRegen  0.10/turn              (no ring)
MPRegen  0.09/turn              (no ring)

@: no status effects
A: frail 1, spiny 2, wild magic 1
a: no special abilities


You were on level 3 of the Dungeon.
You were not hungry.

You visited 1 branch of the dungeon, and saw 3 of its levels.

You collected 74 gold pieces.

Inventory:

Hand Weapons
 a - a +0 war axe (weapon)
Missiles
 d - 2 throwing nets (quivered)
Armour
 b - a +0 leather armour (worn)
 c - a +0 helmet (worn)
Scrolls
 e - 4 scrolls of identify
 f - a scroll of magic mapping {unknown}
 g - 2 scrolls of amnesia {unknown}
 h - 3 scrolls of blinking {unknown}
 i - 2 scrolls of fog {unknown}
 k - a scroll of immolation {unknown}
 l - a scroll of random uselessness {unknown}
Potions
 j - a potion of curing
Comestibles
 m - a ration


   Skills:
 + Level 2.8 Fighting
 * Level 3.9 Axes
 - Level 1.7 Throwing
 + Level 3.2 Dodging


You had 3 spell levels left.
You didn't know any spells.

Dungeon Overview and Level Annotations

Branches:
Dungeon (3/15)

Altars:


Innate Abilities, Weirdness & Mutations

You are mostly covered in sharp spines.
You are frail. (-10% HP)
Your spells are a little harder to cast, but a little more powerful.


Message History

The orc priest is severely wounded.
You hit the orc but do no damage. You closely miss the orc wizard.
You hit the orc. The orc wizard misses you. The orc is struck by your spines.
You kill the orc!
The orc throws a tomahawk.
The tomahawk barely misses you. The orc is struck by your spines.
The orc hits you but does no damage.
The orc priest invokes the aid of Beogh against you.
Beogh smites you!
Ouch! That really hurt!
* * * LOW HITPOINT WARNING * * *
The orc wizard closely misses you.
You slash the orc priest!
You kill the orc priest!
You have reached level 4!
You feel agile.
You completely miss the orc wizard. You barely miss the orc.
The orc is struck by your spines. The orc barely misses you.
The orc wizard casts a spell at you. The puff of flame hits you!
You die...

# ##.(#
#####.....#
#o@o.....#
......ooo#.####
######.#.# #
#.#.. #.#.##
#.#.# #.#.#
#.#.#


You could see 2 orc wizards and 3 orcs.

Vanquished Creatures
  An orc priest (D:3)
  An ooze (D:2)
  A worm (D:2)
  5 dart slugs
  2 leopard geckos (D:2)
  2 orcs (D:3)
  2 giant cockroaches (D:1)
  9 hobgoblins
  5 kobolds
  2 bats
  2 frilled lizards
  5 goblins
  6 rats
43 creatures vanquished.

Notes
Turn   | Place    | Note
-------+----------+-------------------------------------------
     0 | D:1      | Hercules1031 the Demonspawn Gladiator began the quest for the Orb.
     0 | D:1      | Reached XP level 1. HP: 16/16 MP: 1/1
    70 | D:1      | Gained mutation: You are partially covered in sharp spines. [demonic ancestry]
    70 | D:1      | Reached XP level 2. HP: 22/22 MP: 2/2
  1098 | D:2      | Gained mutation: You are mostly covered in sharp spines. [demonic ancestry]
  1098 | D:2      | Reached XP level 3. HP: 20/28 MP: 3/3
  1438 | D:2      | Gained mutation: You are frail. (-10% HP) [potion of mutation]
  1438 | D:2      | Gained mutation: Your spells are a little harder to cast, but a little more powerful. [potion of mutation]
  1863 | D:3      | Reached XP level 4. HP: 6/30 MP: 4/4
  1863 | D:3      | Killed from afar by an orc wizard

Skill      XL: |  1  2 |
---------------+-------+-----
Axes           | 3 |  3.9
Dodging        | 3 |  3.2
Fighting       | |  2.8
Throwing       | |  1.7

Action                   |  1- 3 |  4- 6 || total
-------------------------+-------+-------++-------
Melee: War axe           |    83 |       ||    83
Throw: Throwing net      |     1 |       ||     1
  Use: Potion            |     7 |       ||     7
       Scroll            |     1 |       ||     1
  Eat: Ration            |     2 |       ||     2
Armor: Leather armour    |    26 |       ||    26
Dodge: Dodged            |    66 |     1 ||    67
